 Dungeon Crawl Stone Soup version 0.26.1-2-gb8aa6d0cf2 (webtiles) character file.

Game seed: 11399424404870657070

51 Riddle the Skirmisher (level 3, -3/35 HPs)
             Began as a Gnoll Abyssal Knight on Mar 26, 2021.
             Was a Follower of Lugonu.
             Slain by a bullfrog (6 damage)
             ... on level 4 of the Dungeon.
             The game lasted 00:02:19 (855 turns).

Riddle the Skirmisher (Gnoll Abyssal Knight)         Turns: 855, Time: 00:02:20

Health: -3/35      AC:  3    Str: 15    XL:     3   Next: 81%
Magic:  6/6        EV: 12    Int: 14    God:    Lugonu [*.....]
Gold:   40         SH:  0    Dex: 14    Spells: 4/4 levels left

rFire    + . .     SeeInvis .   a - +1 spear
rCold    + . .     Faith    .   (no shield)
rNeg     . . .     Spirit   .   b - +0 leather armour
rPois    +         Reflect  .   (no helmet)
rElec    +         Harm     .   (no cloak)
rCorr    +         Rampage  .   (no gloves)
Will     .....                  (no boots)
Stlth    +.........             (no amulet)
HPRegen  0.11/turn              (no ring)
MPRegen  0.10/turn              (no ring)

@: resistant, attractive
A: distributed training, fangs 1, strong nose
a: Renounce Religion, Depart the Abyss


You were on level 4 of the Dungeon.
You worshipped Lugonu.
Lugonu was aware of your devotion.
You visited 1 branch of the dungeon, and saw 3 of its levels.
You visited the Abyss 1 time.

You collected 40 gold pieces.

Inventory:

Hand Weapons
 a - a +1 spear (weapon)
Armour
 b - a +0 leather armour (worn)
Scrolls
 d - a scroll of identify
 g - 2 scrolls of enchant weapon


   Skills:
 + Level 6.5 Fighting
 + Level 1.0 Short Blades
 + Level 1.0 Long Blades
 + Level 1.0 Axes
 + Level 1.0 Maces & Flails
 + Level 4.6 Polearms
 + Level 1.0 Staves
 + Level 1.0 Slings
 + Level 1.0 Bows
 + Level 1.0 Crossbows
 + Level 1.0 Throwing
 + Level 4.6 Armour
 + Level 2.6 Dodging
 + Level 1.0 Stealth
 + Level 1.0 Shields
 + Level 1.0 Unarmed Combat
 + Level 1.0 Spellcasting
 + Level 0.7 Conjurations
 + Level 0.7 Hexes
 + Level 0.7 Summonings
 + Level 0.7 Necromancy
 + Level 0.7 Translocations
 + Level 0.7 Transmutations
 + Level 0.7 Fire Magic
 + Level 0.7 Ice Magic
 + Level 0.7 Air Magic
 + Level 0.7 Earth Magic
 + Level 0.7 Poison Magic
 + Level 4.6 Invocations
 + Level 1.0 Evocations


You had 4 spell levels left.
You didn't know any spells.
Your spell library was empty.

Dungeon Overview and Level Annotations

Branches:
Dungeon (2/15)             Temple (0/1) D:4

Altars:
Ashenzari


Innate Abilities, Weirdness & Mutations

Your experience applies equally to all skills.
You have very sharp teeth.
Your uncanny sense of smell can sniff out nearby items.


Message History

Unknown command.
Unknown command.
You hit the orc priest.
The orc priest is lightly wounded.
The orc wizard gestures at you while chanting.
You resist with significant effort. The bullfrog barely misses you.
The orc priest closely misses you.
The orc wizard casts a spell.
The orc wizard seems to speed up.
The orc wizard miscasts a cantrip.
The orc wizard casts a spell.
The orc wizard blinks!
The dart slug is pulled toward you! The orc wizard is pulled toward you! x2
Unknown command.
You hit the orc priest but do no damage.
The orc priest is lightly wounded.
The bullfrog hits you.
* * * LOW HITPOINT WARNING * * *
The orc priest barely misses you. The bullfrog hits you.
You die...

*,,,,,,**,,,**,,,,,,*
*,,
*,,,,,,,*,,,*,,,,,,,*
***
*,,,,,.∆**,**,,,∆,,,*
*,***,..,*,*,,,,###.#
*,,,***.#****,###o..#
*,,,,,###.,,***.....#
*,,,,,..#._,*,,,....#
*,,,,,**#...###,,..o#
*,,,***,**+##@###,..#
*,***,,,,*,#owF{###.#
*,,,,,,,**,##ooooo..#
*,,,,,,,*,,,#o..oo..#
*,,,,,,**,,,##......#
*,,,,,,*,,,,,#......#
*,,,,,,*,,,,,#......#
*,,,,,,,,,,**########
************


You could see a bullfrog, an orc priest, 3 orc wizards, a dart slug and 5 orcs.

Vanquished Creatures
  2 adders (D:2)
  A dart slug (D:1)
  A ball python (D:1)
  A giant cockroach (D:2)
  3 hobgoblins (D:1)
  2 jackals (D:1)
  6 kobolds (D:1)
  6 bats
  2 frilled lizards
  3 goblins
  6 rats
33 creatures vanquished.

Notes
Turn   | Place    | Note
-------+----------+-------------------------------------------
     0 | Abyss:1  | Riddle the Gnoll Abyssal Knight began the quest for the
                  | Orb.
     0 | Abyss:1  | Reached XP level 1. HP: 23/23 MP: 3/3
    46 | Abyss:1  | Noticed a cacodemon
    49 | D:1      | Escaped the Abyss
   112 | D:1      | Reached * piety under Lugonu
   147 | D:1      | Reached XP level 2. HP: 26/29 MP: 5/5
   459 | D:1      | Reached XP level 3. HP: 33/35 MP: 6/6
   840 | D:2      | Reached skill level 1 in Short Blades
   840 | D:2      | Reached skill level 1 in Long Blades
   840 | D:2      | Reached skill level 1 in Axes
   840 | D:2      | Reached skill level 1 in Maces & Flails
   840 | D:2      | Reached skill level 1 in Staves
   840 | D:2      | Reached skill level 1 in Slings
   840 | D:2      | Reached skill level 1 in Bows
   840 | D:2      | Reached skill level 1 in Crossbows
   840 | D:2      | Reached skill level 1 in Throwing
   840 | D:2      | Reached skill level 1 in Stealth
   840 | D:2      | Reached skill level 1 in Shields
   840 | D:2      | Reached skill level 1 in Unarmed Combat
   840 | D:2      | Reached skill level 1 in Spellcasting
   840 | D:2      | Reached skill level 1 in Evocations
   842 | D:2      | You fall into a shaft and drop 2 floors!
   842 | D:4      | Noticed a bullfrog
   844 | D:4      | Found a broken altar of Ashenzari.
   855 | D:4      | Slain by a bullfrog

Illustrated notes

Levels and vault maps discovered:
D:1:      giann_horns, layout_basic
D:2:      layout_rooms, minmay_ruptured
D:4:      layout_rooms, lemuel_round_altar, nicolae_ru_the_path_less_chosen,
          lemuel_crystal_altar, minmay_temple_entry_wispy, enter_ossuary_1,
          grunt_ministairs_8, nicolae_ashenzari_panopticon

Skill      XL: |  1  2  3 |
---------------+----------+-----
Short Blades   | 1 |  1.0
Long Blades    | 1 |  1.0
Axes           | 1 |  1.0
Maces & Flails | 1 |  1.0
Staves         | 1 |  1.0
Slings         | 1 |  1.0
Bows           | 1 |  1.0
Crossbows      | 1 |  1.0
Throwing       | 1 |  1.0
Stealth        | 1 |  1.0
Shields        | 1 |  1.0
Unarmed Combat | 1 |  1.0
Spellcasting   | 1 |  1.0
Evocations     | 1 |  1.0
Fighting       | |  6.5
Polearms       | |  4.6
Armour         | |  4.6
Dodging        | |  2.6
Conjurations   | |  0.7
Hexes          | |  0.7
Summonings     | |  0.7
Necromancy     | |  0.7
Translocations | |  0.7
Transmutations | |  0.7
Fire Magic     | |  0.7
Ice Magic      | |  0.7
Air Magic      | |  0.7
Earth Magic    | |  0.7
Poison Magic   | |  0.7
Invocations    | |  4.6

Action                   || total
-------------------------++-------
Melee: Spear             ||    99
       Bite              ||     5
Invok: Depart the Abyss  ||     1
  Use: Scroll            ||     3
       Potion            ||     2
 Stab: Sleeping          ||     2
Armor: Leather armour    ||    19
Dodge: Dodged            ||    51
